 Dungeon Crawl Stone Soup version 0.29.0-4-gdea44cf6ec (webtiles) character file.

Game seed: 8835936745779856527

1831 qw the Grappler (level 8, -1/78 HPs)
             Began as a Troll Cinder Acolyte on Sept 1, 2022.
             Was an Elder of Ignis.
             Slain by a manticore (8 damage)
             ... on level 6 of the Dungeon.
             The game lasted 00:03:02 (5034 turns).

qw the Grappler (Troll Cinder Acolyte)              Turns: 5034, Time: 00:03:03

Health: -1/78      AC: 11    Str: 25    XL:     8   Next: 86%
Magic:  8/8        EV:  9    Int: 10    God:    Ignis [****..]
Gold:   270        SH:  0    Dex:  5    Spells: 9/9 levels left

rFire   + . .      SeeInvis .     - Unarmed
rCold   . . .      Faith    .   (no shield)
rNeg    . . .      Spirit   .   a - +0 robe
rPois   .          Reflect  .   (helmet restricted)
rElec   .          Harm     .   (no cloak)
rCorr   .          Rampage  .   (gloves unavailable)
Will    .....                   (boots unavailable)
Stlth   +.........              (no amulet)
HPRegen 1.03/turn               (no ring)
MPRegen 0.11/turn               (no ring)

@: about to teleport, spiked, fiery-armoured
A: large, unfitting armour, claws 3, regeneration 1, shaggy fur 1, tough skin 1
a: Renounce Religion, Fiery Armour, Foxfire Swarm, Rising Flame


You were on level 6 of the Dungeon.
You worshipped Ignis.
Ignis was greatly pleased with you.
You visited 1 branch of the dungeon, and saw 6 of its levels.

You collected 426 gold pieces.
You spent 156 gold pieces at shops.


Innate Abilities, Weirdness & Mutations

You are too large for most types of armour.
You have claws for hands.
Your natural rate of healing is unusually fast.
You are covered in fur. (AC +1)
You have tough skin. (AC +1)


   Skills:
 - Level 4.0 Fighting
 - Level 1.3 Throwing
 - Level 1.0 Dodging
 + Level 10.9 Unarmed Combat
 - Level 1.0 Spellcasting
 - Level 2.1 Fire Magic


You had 9 spell levels left.
You didn't know any spells.
Your spell library contained the following spells:

 Spells                   Type           Power      Damage    Failure   Level
 Scorch                   Fire           8%         2d5       22%         2

Inventory:

Missiles
 m - 5 boomerangs (quivered)
Armour
 a - a +0 robe (worn)
 n - +0 steam dragon scales
Jewellery
 d - a ring of poison resistance
 o - a ring of protection from cold
Wands
 k - a wand of digging (8)
Scrolls
 e - a scroll of enchant weapon
 f - a scroll of noise {unknown}
 g - 5 scrolls of identify
 l - a scroll of teleportation
Potions
 b - a potion of cancellation
 c - a potion of might
 h - 2 potions of haste
 i - 2 potions of curing
 j - 3 potions of mutation

Dungeon Overview and Level Annotations

Branches:
Dungeon (6/15)             Temple (0/1) D:5

Altars:
Okawaru
Trog
Yredelemnul

Shops:
D:2 !([[   D:3 (


Message History

You start resting.
HP restored.
Found a chain mail.
A sky beast comes into view.
You mangle the sky beast!!
The sky beast is severely wounded.
The sky beast hits you. The sky beast shocks you.
You closely miss the sky beast.
The sky beast is severely wounded.
A manticore comes into view.
The sky beast hits you. The sky beast shocks you.
You claw the sky beast!
You kill the sky beast!
The manticore flicks its tail.
The volley of spikes hits you!
The barbed spikes become lodged in your body.
The barbs in your skin will harm you if you move.
Continue?
The barbed spikes dig painfully into your body as you move.
You barely miss the manticore. Your claw misses the manticore.
You mangle the manticore!!
The manticore is moderately wounded.
The manticore completely misses you. The manticore claws you!
The manticore claws you but does no damage.
You mangle the manticore!!
The manticore is severely wounded.
The manticore bites you! The manticore claws you! The manticore claws you.
5033 ||| INVOKING Fiery Armour.
A protective cloak of flame settles atop you.
The manticore bites you!
The manticore is burned by your cloak of flames.
The manticore is severely wounded.
The manticore claws you.
The manticore is burned by your cloak of flames.
The manticore is severely wounded.
The manticore claws you!
5034 ||| READING 2 scrolls of teleportation.
As you read the scroll of teleportation, it crumbles to dust.
You feel strangely unstable. The manticore bites you!
You die...

#...........##
###..........#
##..#......#
###.###..##..
###...#
#.7P.P.
###...###
#.....#
#...###
##.7..#
#####.###
#...7# #..H@.#
###... ##.####
#### # #


You could see a manticore.

Vanquished Creatures
  A steam dragon (D:6)
  A water moccasin (D:5)
  A sky beast (D:6)
  A black bear (D:4)
  An ogre (D:6)
  2 phantoms (D:5)
  A gnoll sergeant (D:6)
  3 necrophages
  3 scorpions
  A centaur zombie (D:4)
  2 orc priests
  3 hounds
  3 iguanas
  A jelly (D:4)
  Ijyb (D:3)
  Natasha (twice) (D:2)
  An orc wizard (D:5)
  A hound zombie (D:4)
  Robin (D:3)
  3 gnolls (D:3)
  13 adders
  2 river rats (D:3)
  3 shadow imps
  4 white imps (D:6)
  3 ufetubi (D:6)
  An adder skeleton (D:2)
  An adder zombie (D:2)
  4 worms
  4 dart slugs
  12 orcs
  A bat skeleton (D:2)
  A bat zombie (D:2)
  8 endoplasms
  4 giant cockroaches
  4 hobgoblins
  11 jackals
  2 quokkas
  4 ball pythons
  A ball python skeleton (D:2)
  A ball python zombie (D:2)
  6 bats
  5 frilled lizards
  25 goblins
  6 kobolds
  10 rats
169 creatures vanquished.

Vanquished Creatures (others)
  15 withered plants (D:2)
15 creatures vanquished.

Grand Total: 184 creatures vanquished

Notes
Turn   | Place    | Note
-------+----------+-------------------------------------------
     0 | D:1      | qw the Troll Cinder Acolyte began the quest for the Orb.
     0 | D:1      | Reached XP level 1. HP: 22/22 MP: 1/1
     0 | D:1      | 0 ||| qw: Version: 0.1-a-97-g2dd2ca4
     0 | D:1      | 0 ||| qw: Game counter: 4864
     0 | D:1      | 0 ||| qw: Always use a shield: true
     0 | D:1      | 0 ||| qw: God list: Okawaru
     0 | D:1      | 0 ||| qw: Allow faded altars: false
     0 | D:1      | 0 ||| qw: Do Orc after D:15 true
     0 | D:1      | 0 ||| qw: Do second Lair branch before Depths: true
     0 | D:1      | 0 ||| qw: Lair rune preference: random
     0 | D:1      | 0 ||| qw: Plans: Normal
     0 | D:1      | 0 ||| PLANNING D:1-11
    27 | D:1      | 27 ||| Stepping randomly (stuck).
    28 | D:1      | 28 ||| Stepping randomly (stuck).
    29 | D:1      | 29 ||| Stepping randomly (stuck).
    30 | D:1      | 30 ||| Stepping randomly (stuck).
    34 | D:1      | 34 ||| Stepping randomly (stuck).
    35 | D:1      | 35 ||| Stepping randomly (stuck).
    36 | D:1      | 36 ||| Stepping randomly (stuck).
    70 | D:1      | 70 ||| Stepping ~*~*~tactically~*~*~ (outnumbered).
    72 | D:1      | 72 ||| Stepping ~*~*~tactically~*~*~ (outnumbered).
    74 | D:1      | Reached XP level 2. HP: 28/29 MP: 2/2
   267 | D:1      | Reached skill level 4 in Unarmed Combat
   319 | D:1      | 319 ||| Stepping ~*~*~tactically~*~*~ (stealth).
   321 | D:1      | 321 ||| Stepping ~*~*~tactically~*~*~ (stealth).
   324 | D:1      | 324 ||| Stepping ~*~*~tactically~*~*~ (stealth).
   327 | D:1      | 327 ||| Stepping ~*~*~tactically~*~*~ (stealth).
   332 | D:1      | 332 ||| Stepping ~*~*~tactically~*~*~ (stealth).
   334 | D:1      | 334 ||| Stepping ~*~*~tactically~*~*~ (stealth).
   359 | D:1      | Reached XP level 3. HP: 36/36 MP: 3/3
   485 | D:1      | 485 ||| Stepping ~*~*~tactically~*~*~ (stealth).
   678 | D:1      | 678 ||| READING scroll labelled ZECILEPN OTWUP.
   679 | D:1      | 679 ||| READING scroll labelled ICAVUHEEPN.
   680 | D:1      | 680 ||| READING scroll labelled RUGUAT CUPTY.
   681 | D:1      | 681 ||| Stepping randomly (stuck).
   682 | D:1      | 682 ||| Stepping ~*~*~tactically~*~*~ (cloud).
   793 | D:2      | Found Gen Nudu's Distillery.
   802 | D:2      | 802 ||| BUYING potion of cancellation (104 gold).
   802 | D:2      | Bought a potion of cancellation for 104 gold pieces
   802 | D:2      | 802 ||| SHOPLISTING potion of haste (130 gold, have 66).
   802 | D:2      | 802 ||| BUYING potion of might (52 gold).
   802 | D:2      | Bought a potion of might for 52 gold pieces
   888 | D:2      | Noticed Natasha
   889 | D:2      | 889 ||| Stepping ~*~*~tactically~*~*~ (hiding).
   897 | D:2      | Killed Natasha
   901 | D:2      | 901 ||| Stepping ~*~*~tactically~*~*~ (stealth).
   910 | D:2      | Reached XP level 4. HP: 41/44 MP: 4/4
   911 | D:2      | Reached skill level 5 in Unarmed Combat
   916 | D:2      | Found the +4 dagger "Morg" {pain, Will+ Int+5}
   920 | D:2      | 920 ||| Stepping ~*~*~tactically~*~*~ (stealth).
  1013 | D:2      | Found Mivvuz's Antique Armour Emporium.
  1028 | D:2      | 1028 ||| READING scroll labelled YRCHOFUR XENK.
  1111 | D:2      | Found Xiqaer's Armour Emporium.
  1116 | D:2      | Noticed Natasha
  1117 | D:2      | 1117 ||| Stepping ~*~*~tactically~*~*~ (hiding).
  1132 | D:2      | Killed Natasha
  1300 | D:2      | 1300 ||| STAIRDANCE
  1307 | D:1      | 1307 ||| READING scroll labelled LEYLLY YKLEZUM.
  1312 | D:1      | 1312 ||| DRINKING 2 blue potions.
  1353 | D:1      | 1353 ||| DROPPING potion of lignification.
  1397 | D:2      | Found Katzes's Weapon Emporium.
  1427 | D:2      | 1427 ||| READING scroll labelled FANTEFYSITE.
  1434 | D:3      | 1434 ||| PLANNING SEWER
  1444 | D:3      | Found a bloodstained altar of Trog.
  1447 | D:3      | 1447 ||| Stepping ~*~*~tactically~*~*~ (hiding).
  1450 | D:3      | 1450 ||| Stepping ~*~*~tactically~*~*~ (hiding).
  1453 | D:3      | 1453 ||| INVOKING Fiery Armour.
  1457 | D:3      | 1457 ||| Stepping ~*~*~tactically~*~*~ (outnumbered).
  1466 | D:3      | HP: 11/44 [gnoll/+0 spear (6)]
  1467 | D:3      | Reached XP level 5. HP: 12/50 MP: 5/5
  1471 | D:3      | HP: 9/50 [gnoll/+0 spear (2)]
  1477 | D:3      | HP: 4/50 [gnoll/+0 spear (6)]
  1543 | D:3      | Reached skill level 6 in Unarmed Combat
  1543 | D:3      | 1543 ||| FLEEEEING.
  1544 | D:3      | 1544 ||| FLEEEEING.
  1545 | D:3      | 1545 ||| FLEEEEING.
  1546 | D:3      | 1546 ||| FLEEEEING.
  1547 | D:3      | 1547 ||| FLEEEEING.
  1548 | D:3      | 1548 ||| FLEEEEING.
  1550 | D:3      | 1550 ||| FLEEEEING.
  1551 | D:3      | 1551 ||| FLEEEEING.
  1556 | D:3      | 1556 ||| Stepping ~*~*~tactically~*~*~ (outnumbered).
  1660 | D:3      | 1660 ||| Stepping ~*~*~tactically~*~*~ (stealth).
  1663 | D:3      | 1663 ||| Stepping ~*~*~tactically~*~*~ (stealth).
  1667 | D:3      | Noticed Robin
  1668 | D:3      | 1668 ||| INVOKING Fiery Armour.
  1672 | D:3      | 1672 ||| Stepping ~*~*~tactically~*~*~ (outnumbered).
  1673 | D:3      | 1673 ||| Stepping ~*~*~tactically~*~*~ (outnumbered).
  1674 | D:3      | 1674 ||| Stepping ~*~*~tactically~*~*~ (outnumbered).
  1679 | D:3      | 1679 ||| Stepping ~*~*~tactically~*~*~ (outnumbered).
  1683 | D:3      | Killed Robin
  1755 | D:3      | Noticed Ijyb
  1765 | D:3      | Killed Ijyb
  1766 | D:3      | Reached XP level 6. HP: 54/59 MP: 6/6
  1798 | D:3      | 1798 ||| Stepping ~*~*~tactically~*~*~ (stealth).
  1886 | D:3      | Found Gocioz's Weapon Shoppe.
  2070 | D:3      | Reached skill level 7 in Unarmed Combat
  2095 | D:3      | 2095 ||| RIP SEWER
  2098 | D:3      | 2098 ||| PLANNING D:1-11
  2274 | D:3      | 2274 ||| DRINKING 3 murky sapphire potions.
  2275 | D:3      | 2275 ||| READING 7 scrolls of identify.
  2275 | D:3      | 2275 ||| IDENTIFYING fuming sapphire potion
  2276 | D:3      | 2276 ||| READING 6 scrolls of identify.
  2276 | D:3      | 2276 ||| IDENTIFYING golden potion
  2277 | D:3      | 2277 ||| READING 5 scrolls of identify.
  2277 | D:3      | 2277 ||| IDENTIFYING fizzy cyan potion
  2278 | D:3      | 2278 ||| READING 4 scrolls of identify.
  2278 | D:3      | 2278 ||| IDENTIFYING metallic emerald potion
  2279 | D:3      | 2279 ||| READING 3 scrolls of identify.
  2279 | D:3      | 2279 ||| IDENTIFYING lumpy inky potion
  2280 | D:3      | 2280 ||| DROPPING potion of berserk rage.
  2281 | D:3      | 2281 ||| DROPPING potion of attraction.
  2467 | D:4      | Reached skill level 8 in Unarmed Combat
  2595 | D:4      | Reached XP level 7. HP: 66/66 MP: 7/7
  2619 | D:4      | Reached skill level 3 in Fighting
  2879 | D:4      | Found a basalt altar of Yredelemnul.
  2953 | D:4      | 2953 ||| READING scroll labelled QEXZOU SIENOSCH.
  2954 | D:4      | 2954 ||| READING scroll labelled IJEMEP QUYTAIJ.
  2955 | D:4      | 2955 ||| READING scroll labelled NAAPEPPIRIO.
  2989 | D:5      | Entered Level 5 of the Dungeon
  3011 | D:5      | 3011 ||| DRINKING 2 potions of curing.
  3011 | D:5      | 3011 ||| (to cure confusion)
  3086 | D:5      | Reached skill level 9 in Unarmed Combat
  3194 | D:5      | Reached skill level 1 in Dodging
  3310 | D:5      | Reached XP level 8. HP: 40/75 MP: 8/8
  3390 | D:5      | Found a staircase to the Ecumenical Temple.
  3909 | D:5      | 3909 ||| Stepping ~*~*~tactically~*~*~ (stealth).
  3997 | D:5      | 3997 ||| READING scroll labelled VYFIOTS XOCK.
  4181 | D:6      | 4181 ||| Stepping ~*~*~tactically~*~*~ (hiding).
  4302 | D:6      | Found an iron altar of Okawaru.
  4326 | D:6      | 4326 ||| Stepping ~*~*~tactically~*~*~ (stealth).
  4331 | D:6      | 4331 ||| Stepping ~*~*~tactically~*~*~ (stealth).
  4376 | D:6      | 4376 ||| INVOKING Fiery Armour.
  4378 | D:6      | Reached skill level 10 in Unarmed Combat
  4382 | D:6      | 4382 ||| READING 2 scrolls of teleportation.
  4382 | D:6      | HP: 19/76 [poisoned by an adder]
  4383 | D:6      | 4383 ||| DRINKING potion of heal wounds.
  4658 | D:6      | 4658 ||| Stepping ~*~*~tactically~*~*~ (hiding).
  4791 | D:6      | Reached skill level 1 in Throwing
  5027 | D:6      | Noticed a manticore
  5033 | D:6      | 5033 ||| INVOKING Fiery Armour.
  5033 | D:6      | HP: 17/78 [manticore (8)]
  5033 | D:6      | HP: 6/78 [manticore (8)]
  5034 | D:6      | 5034 ||| READING 2 scrolls of teleportation.
  5034 | D:6      | Slain by a manticore

Levels and vault maps discovered:
D:1:      amcnicky_arrival_single_pillar, layout_rooms, corexii_corridor_pit,
          grunt_decor_arrowhead, minmay_misc_feat_five,
          chequers_serial_rivers_micro_d, minmay_close_crescents
D:2:      layout_basic, serial_shops, nicolae_shop_behind_doors, shop,
          nicolae_shop_advertising_works [nicolae_subvault_shop_adworks],
          nicolae_shop_waterfront, dilly_guarded_unrand_morg
D:3:      layout_basic, bloody_trog, lightli_sewer_entry_pipes, serial_shops,
          nicolae_shop_bloodbath_and_beyond, minmay_misc_feat_iff, uniq_ijyb,
          uniq_robin
D:4:      cheibrodos_helix_gallery, layout_gridville,
          lemuel_zombie_altar_yredelemnul
D:5:      layout_cave_pods, minmay_temple_entry_waves, minmay_statues_item
D:6:      minmay_cornered_nines, layout_cave_pools, okawaru_gym_becter,
          serial_demonic, serial_demonic_c, serial_demonic_d, serial_demonic_d,
          serial_demonic_e, serial_demonic_a, serial_demonic_b,
          minmay_starry_boxes

Skill      XL: |  1  2  3  4  5  6  7  8 |
---------------+-------------------------+-----
Unarmed Combat | 4 5 6 8 9 10 | 10.9
Fighting       | 3 4 |  4.0
Dodging        | 1 |  1.0
Throwing       | 1 |  1.3
Spellcasting   | |  1.0
Fire Magic     | |  2.1

Action                   |  1- 3 |  4- 6 |  7- 9 || total
-------------------------+-------+-------+-------++-------
Melee: Unarmed           |    74 |   142 |   173 ||   389
       Punch             |       |     3 |     6 ||     9
Throw: Boomerang         |       |    55 |     5 ||    60
Invok: Fiery Armour      |       |     2 |     2 ||     4
  Use: Scroll            |     3 |     8 |     6 ||    17
       Potion            |       |     2 |     2 ||     4
Armor: Robe              |    36 |    44 |    54 ||   134
Dodge: Dodged            |    39 |    51 |    58 ||   148

Table legend:
 A = Non-vault XP
 B = Vault XP
 C = Vault XP percentage of total XP
 D = Non-vault monster count
 E = Vault monster count
 F = Vault count percentage of total count
                 A         B        C        D         E       F
            +---------+---------+-------+---------+---------+-------
      Total |    2121 |     496 |  19.0 |     121 |      48 |  28.4
            +---------+---------+-------+---------+---------+-------
        D:1 |      41 |       9 |  18.0 |      26 |       5 |  16.1
        D:2 |      74 |      51 |  40.8 |      15 |       7 |  31.8
        D:3 |     182 |     141 |  43.7 |      29 |      21 |  42.0
        D:4 |     445 |      71 |  13.8 |      21 |       4 |  16.0
        D:5 |     658 |       0 |   0.0 |      18 |       0 |   0.0
        D:6 |     721 |     224 |  23.7 |      12 |      11 |  47.8
            +---------+---------+-------+---------+---------+-------
